 Dungeon Crawl Stone Soup version 0.21.0-37-g46506fa (webtiles) character file.

4776 Mimshu the Spear-Bearer (level 10, -7/90 HPs)
             Began as a Minotaur Berserker on Jan 30, 2018.
             Was an Elder of Trog.
             Mangled by a stone giant simulacrum (32 damage)
             ... on level 1 of the Abyss.
             The game lasted 00:18:25 (8689 turns).

Mimshu the Spear-Bearer (Minotaur Berserker)        Turns: 8689, Time: 00:18:26

Health: -7/90      AC:  9    Str: 24      XL:     10   Next: 23%
Magic:  9/9        EV: 13    Int:  3 (4)  God:    Trog [****..]
Gold:   388        SH:  0    Dex: 11      Spells: 9/9 levels left

rFire    . . .     SeeInvis .   a - +0 spear
rCold    . . .     Gourm    .   (no shield)
rNeg     . . .     Faith    .   y - +0 scale mail
rPois    +         Spirit   .   (helmet restricted)
rElec    .         Reflect  .   (no cloak)
rCorr    .         Harm     .   (no gloves)
MR       +....                  x - +0 pair of boots
Stlth    ..........             n - amulet of rage
HPRegen  0.25/turn              l - ring of poison resistance
MPRegen  0.11/turn              C - ring of protection from magic

@: berserk cooldown, slowed, very slow
A: retaliatory headbutt, horns 2
a: Berserk, Trog's Hand, Brothers in Arms, Burn Spellbooks, Renounce Religion,
Evoke Berserk Rage


You were on level 1 of the Abyss.
You worshipped Trog.
Trog was greatly pleased with you.
You were not hungry.

You visited 1 branch of the dungeon, and saw 8 of its levels.
You visited the Abyss 1 time.

You collected 388 gold pieces.

Inventory:

Hand Weapons
 a - a +0 spear (weapon)
Missiles
 g - 13 tomahawks (quivered)
 o - 18 poisoned needles
 p - 6 poisoned tomahawks
Armour
 m - a +0 ring mail
 w - a +0 chain mail
 x - a +0 pair of boots (worn)
 y - a +0 scale mail (worn)
Jewellery
 l - a ring of poison resistance (left hand)
 n - an amulet of rage (around neck)
 C - a ring of protection from magic (right hand)
 I - an uncursed ring of magical power {unknown}
 J - an uncursed ring of protection from cold {unknown}
Wands
 r - a wand of flame (33)
 F - a wand of polymorph (7)
Scrolls
 f - 5 scrolls of remove curse
 h - 4 scrolls of identify
 i - 2 scrolls of enchant armour {unknown}
 s - 4 scrolls of teleportation {unknown}
 v - a scroll of magic mapping {unknown}
 z - a scroll of noise {unknown}
 A - 2 scrolls of fog {unknown}
 B - a scroll of amnesia {unknown}
Potions
 b - 2 potions of might {unknown}
 d - 2 potions of berserk rage {unknown}
 e - 3 potions of brilliance {unknown}
 j - 2 potions of ambrosia {unknown}
 k - 2 potions of agility {unknown}
 q - a potion of degeneration {unknown}
 t - 2 potions of curing {unknown}
 u - a potion of heal wounds {unknown}
 D - a potion of haste {unknown}
 E - a potion of magic {unknown}
Books
 G - a book of Battle

   Spells                             Type                      Level
   a - Infusion                       Charms                       1
   b - Shroud of Golubria             Charms/Translocation         2
   c - Song of Slaying                Charms                       2
   d - Spectral Weapon                Hexes/Charms                 3
   e - Regeneration                   Charms/Necromancy            3
   Trog disapproves of the use of such an item.
Comestibles
 c - 10 rations


   Skills:
 + Level 8.9 Fighting
 * Level 11.7 Polearms
 + Level 8.5 Armour
 + Level 7.6 Dodging


You had 9 spell levels left.
You didn't know any spells.

Dungeon Overview and Level Annotations

Branches:
Dungeon (8/15)             Temple (0/1) D:5
   Lair: D:8-11

Altars:
Fedhas
Uskayaw

Annotations:
D:8 Psyche


Innate Abilities, Weirdness & Mutations

You reflexively headbutt those who attack you in melee.
You have a pair of horns on your head.


Message History

You hit the eidolon but do no damage. The eidolon stares piercingly at you.
The bolt of negative energy hits you!
You feel drained.
You closely miss the eidolon. Your headbutt misses the eidolon.
You barely miss the eidolon. The eidolon closely misses you.
The eidolon hits you but does no damage.
You barely miss the eidolon.
You are no longer terrified.
You destroy the eidolon!
Trog accepts your kill.
You feel your strength returning.
Your life force feels restored.
You are no longer berserk.
You are exhausted.
You feel as though you will be slow longer.
You hit the stone giant simulacrum but do no damage.
You headbutt the stone giant simulacrum.
The stone giant simulacrum hits you!
* * * LOW HITPOINT WARNING * * *
The stone giant simulacrum freezes you!!
You die...

...###..
......###
#... ..
....# #
#....# .#
####Z# .
.# ##.#
##.#
#.####.#
#..Z@..#
#..###.#
# ## ..
.# ..
#.## .#
#. ##.#
.# ##
.#.####
#.......#
##### ##
.


You could see a stone giant simulacrum.

Vanquished Creatures
  An eidolon (Abyss:1)
  The ghost of Quirk the Shield-Bearer, a novice GnFi (D:4)
  2 slime creatures (D:8)
  A large abomination (Abyss:1)
  A water moccasin (D:7)
  An ice beast (D:5)
  4 ogres
  4 centaurs
  A crocodile (D:8)
  4 bullfrogs
  A scorpion (D:5)
  3 killer bees (D:8)
  A howler monkey (D:5)
  A centaur zombie (D:8)
  A crimson imp (D:4)
  A jelly (D:6)
  5 hounds
  8 orc wizards
  A centaur skeleton (D:4)
  4 orc priests
  2 bullfrog skeletons
  2 iguanas
  5 worker ants
  The ghost of dscm the Skirmisher, a weakling DsFi (D:3)
  2 hound skeletons
  A howler monkey zombie (D:5)
  A worker ant zombie (D:8)
  4 gnolls (D:4)
  4 adders
  5 shadow imps
  2 oozes (D:2)
  3 adder skeletons
  A worm (D:3)
  5 dart slugs
  4 leopard geckos
  35 orcs
  2 ball pythons
  4 bats (D:1)
  5 giant cockroaches
  10 goblins
  13 hobgoblins
  11 jackals
  A quokka (D:2)
  8 frilled lizards
  4 kobolds
  3 rats
184 creatures vanquished.

Vanquished Creatures (others)
  An orc wizard (D:4)
1 creature vanquished.

Grand Total: 185 creatures vanquished

Notes
Turn   | Place    | Note
-------+----------+-------------------------------------------
     0 | D:1      | Mimshu the Minotaur Berserker began the quest for the Orb.
     0 | D:1      | Reached XP level 1. HP: 19/19 MP: 0/0
    55 | D:1      | Reached skill level 4 in Polearms
    55 | D:1      | Reached XP level 2. HP: 20/27 MP: 1/1
   439 | D:1      | Reached XP level 3. HP: 33/33 MP: 2/2
   520 | D:1      | Reached ** piety under Trog
  1093 | D:2      | Reached XP level 4. HP: 37/40 MP: 3/3
  1136 | D:2      | Found a hide-covered altar of Uskayaw.
  1510 | D:3      | Reached skill level 5 in Polearms
  1530 | D:3      | Reached XP level 5. HP: 18/47 MP: 4/4
  1985 | D:3      | Noticed dscm's ghost (weakling DsFi)
  1997 | D:3      | Killed dscm's ghost
  2321 | D:4      | Noticed Quirk's ghost (novice GnFi)
  2544 | D:4      | Reached *** piety under Trog
  2738 | D:4      | Noticed an ogre
  2759 | D:4      | Killed an ogre
  2759 | D:4      | Reached skill level 5 in Fighting
  2759 | D:4      | Reached XP level 6. HP: 39/56 MP: 5/5
  2774 | D:4      | Reached skill level 6 in Polearms
  3246 | D:4      | Reached XP level 7. HP: 43/61 MP: 6/6
  3420 | D:4      | Killed Quirk's ghost
  3420 | D:4      | Reached skill level 7 in Polearms
  3420 | D:4      | Reached skill level 5 in Armour
  3420 | D:4      | Reached XP level 8. HP: 70/70 MP: 7/7
  3518 | D:4      | Reached skill level 8 in Polearms
  3639 | D:4      | Reached skill level 5 in Dodging
  3698 | D:4      | Found a blossoming altar of Fedhas.
  3901 | D:5      | Entered Level 5 of the Dungeon
  4212 | D:5      | Reached **** piety under Trog
  4326 | D:5      | Reached skill level 9 in Polearms
  4696 | D:5      | Found a staircase to the Ecumenical Temple.
  5530 | D:6      | Reached XP level 9. HP: 65/79 MP: 8/8
  5830 | D:7      | Reached skill level 10 in Polearms
  7892 | D:8      | Killed a very large slime creature
  7892 | D:8      | Reached skill level 11 in Polearms
  8222 | D:8      | Noticed Psyche
  8236 | D:8      | Paralysed by something for 2 turns
  8245 | D:8      | Cast into level 1 of the Abyss (Psyche)
  8457 | Abyss:1  | Reached XP level 10. HP: 44/90 MP: 9/9
  8507 | Abyss:1  | Noticed an orange demon
  8657 | Abyss:1  | Noticed an eidolon
  8681 | Abyss:1  | Killed an eidolon
  8689 | Abyss:1  | Mangled by a stone giant simulacrum

Skill      XL: |  1  2  3  4  5  6  7  8  9 |
---------------+----------------------------+-----
Polearms       | 4 5 6 7 9 11 | 11.7
Fighting       | 4 5 6 7 8 |  8.9
Armour         | 3 4 5 6 8 |  8.5
Dodging        | 3 4 6 7 |  7.6

Action                   |  1- 3 |  4- 6 |  7- 9 | 10-12 || total
-------------------------+-------+-------+-------+-------++-------
Melee: Spear             |   117 |   195 |   438 |    23 ||   773
       Headbutt          |    15 |    32 |    98 |     5 ||   150
Invok: Berserk           |       |     2 |     4 |     1 ||     7
  Use: Scroll            |     2 |     2 |     3 |       ||     7
  Eat: Chunk             |     1 |     7 |     6 |       ||    14
       Ration            |       |       |     5 |       ||     5
Armor: Animal skin       |     6 |       |       |       ||     6
       Leather armour    |     7 |       |       |       ||     7
       Ring mail         |     3 |    20 |       |       ||    23
       Chain mail        |       |    13 |     5 |       ||    18
       Scale mail        |       |       |    85 |     5 ||    90
Dodge: Dodged            |    66 |    69 |   172 |     8 ||   315
